 Dungeon Crawl Stone Soup version 0.29.1-2-gbd0b4ee654 (webtiles) character file.

Game seed: 11860262852190990043

254 Gabide the Trooper (level 6, -3/48 HPs)
             Began as a Human Chaos Knight on Nov 20, 2022.
             Was a Plaything of Xom.
             Slain by an iguana (8 damage)
             ... on level 4 of the Dungeon.
             The game lasted 00:06:34 (3347 turns).

Gabide the Trooper (Human Chaos Knight)             Turns: 3347, Time: 00:06:34

Health: -3/48      AC:  7    Str: 14    XL:     6   Next: 38%
Magic:  6/6        EV: 12    Int: 12    God:    Xom [.*....]
Gold:   188        SH:  5    Dex: 13    Spells: 5/5 levels left

rFire   . . .      SeeInvis .   a - +0 spear (chaos)
rCold   . . .      Faith    .   (no shield)
rNeg    . . .      Spirit   .   f - +2 leather armour
rPois   .          Reflect  +   (no helmet)
rElec   .          Harm     .   i - +1 cloak
rCorr   .          Rampage  .   (no gloves)
Will    .....                   g - +0 pair of boots
Stlth   +.........              m - amulet of reflection
HPRegen 0.16/turn               (no ring)
MPRegen 0.10/turn               (no ring)

@: no status effects
A: deformed body
a: Renounce Religion


You were on level 4 of the Dungeon.
You worshipped Xom.
You were a plaything of Xom.
You visited 1 branch of the dungeon, and saw 4 of its levels.

You collected 188 gold pieces.

Inventory:

Hand Weapons
 a - a +0 spear of chaos (weapon)
 b - a +0 sling
 j - a +3 spear
Missiles
 h - 9 poisoned darts
Armour
 f - a +2 leather armour (worn)
 g - a +0 pair of boots (worn)
 i - a +1 cloak (worn)
Jewellery
 m - an amulet of reflection (around neck)
Scrolls
 d - a scroll of teleportation
 k - 2 scrolls of fear
 o - a scroll of amnesia {unknown}
 r - a scroll of magic mapping {unknown}
Potions
 e - a potion of magic
 l - 3 potions of brilliance
 p - a potion of mutation
Miscellaneous
 c - a piece from Xom's chessboard (13/15) (quivered)


   Skills:
 + Level 4.2 Fighting
 + Level 4.2 Polearms
 + Level 3.4 Armour
 + Level 2.9 Dodging


You had 5 spell levels left.
You didn't know any spells.
Your spell library contained the following spells:

 Spells                   Type           Power      Damage    Failure   Level
 Freeze                   Ice            0%         1d3       38%         1
 Magic Dart               Conj           0%         1d3       38%         1
 Call Imp                 Summ           0%         N/A       52%         2
 Frozen Ramparts          Ice            0%         1d1       77%         3
 Mephitic Cloud           Conj/Pois/Air  0%         N/A       77%         3
 Animate Dead             Necr           0%         N/A       99%         4
 Hailstorm                Conj/Ice       0%         3d3       99%         4
 Borgnjor's Vile Clutch   Necr/Erth      0%         N/A       100%        5
 Death Channel            Necr           0%         N/A       100%        6
 Haunt                    Necr/Summ      0%         N/A       100%        7
 Infestation              Necr           0%         N/A       100%        8


Dungeon Overview and Level Annotations

Branches:
Dungeon (4/15)
 Temple: D:4-7

Altars:


Innate Abilities, Weirdness & Mutations

Armour fits poorly on your strangely shaped body.


Message History

The iguana is moderately wounded.
You shoot a sling bullet.
The sling bullet closely misses the iguana.
Your +0 spear of chaos is briefly surrounded by a scintillating aura of random colours.
a - a +0 spear of chaos (weapon)
You reach to attack!
You hit the iguana.
The iguana flickers and vanishes!
Deactivating autopickup; reactivate with Ctrl-A.
No target in view!
You hit something but do no damage. You hit something but do no damage.
Something bites you but does no damage.
You hit something but do no damage. Something bites you!
You closely miss something. Something bites you!
You barely miss something. Something bites you!
You barely miss something. Something bites you.
You barely miss something. Something bites you.
* * * LOW HITPOINT WARNING * * *
You closely miss something. Something bites you but does no damage.
You closely miss something. Something bites you.
* * * LOW HITPOINT WARNING * * *
Okay, then.
Reach: a) +0 spear (chaos)
Press: ? - help, Dir - move target, f - you That would be overly suicidal.
Okay, then.
Reach: a) +0 spear (chaos)
Press: ? - help, Dir - move target, f - you
Okay, then.
You can't see anything.
Try to make a move anyway?
You make a move on Xom's chessboard...
Nothing appears to happen.
Something bites you but does no damage.
You miss something. You completely miss something. Your punch misses something.
Something bites you but does no damage.
You hit something but do no damage. Something bites you.
* * * LOW HITPOINT WARNING * * *
You can't see anything.
Try to make a move anyway?
You make a move on Xom's chessboard...
Nothing appears to happen.
You block something's attack. Something bites you!
You die...

### #. ........##
##.#### #. .........#
##.....####. .........#
#........##. .........#
#........... .........#
#........... .........#
#..)........
.........####...........
..=....@...##...........
.........##.............
#......######..........#
..##### ####.....### #
###†### #..# #..# #..#
#..#


There were no monsters in sight!

Vanquished Creatures
  A phantom (D:3)
  A bullfrog (D:4)
  3 adders
  A river rat (D:1)
  A worm (D:3)
  3 dart slugs (D:1)
  4 orcs (D:3)
  2 bats
  3 endoplasms
  15 goblins
  7 hobgoblins
  5 kobolds
  4 quokkas
  7 ball pythons
  3 frilled lizards
  2 rats
62 creatures vanquished.

Notes
Turn   | Place    | Note
-------+----------+-------------------------------------------
     0 | D:1      | Gabide the Human Chaos Knight began the quest for the Orb.
     0 | D:1      | Reached XP level 1. HP: 18/18 MP: 1/1
    24 | D:1      | XOM: silly message
    96 | D:1      | XOM: polymorph ball python -> river rat
    97 | D:1      | XOM: enchant monster (good)
   109 | D:1      | Reached XP level 2. HP: 19/24 MP: 2/2
   219 | D:1      | Reached XP level 3. HP: 28/29 MP: 3/3
   431 | D:1      | XOM is BORED!
   431 | D:1      | XOM: give mutations
   431 | D:1      | Gained mutation: You are frail. (-10% HP) [Xom's mischief]
   431 | D:1      | Gained mutation: Armour fits poorly on your strangely
                  | shaped body. [Xom's mischief]
   540 | D:1      | XOM: give mutation
   540 | D:1      | Lost mutation: You are frail. (-10% HP) [Xom's mischief]
  1259 | D:2      | XOM: noise
  1475 | D:2      | Found a faded altar of an unknown god.
  1618 | D:2      | XOM: silly message
  1730 | D:3      | Noticed a phantom
  1750 | D:3      | HP: 2/43 [something (2)]
  1752 | D:3      | Killed a phantom
  1753 | D:3      | Reached XP level 4. HP: 1/37 MP: 4/4
  1753 | D:3      | Reached XP level 5. HP: 1/42 MP: 5/5
  2283 | D:3      | XOM: silly message
  2761 | D:3      | XOM: silly message
  3163 | D:4      | Reached XP level 6. HP: 48/48 MP: 6/6
  3167 | D:4      | XOM: confuse monster(s)
  3175 | D:4      | XOM: polymorph hound -> bullfrog
  3328 | D:4      | XOM: silly message
  3347 | D:4      | Slain by an iguana

Illustrated notes

Levels and vault maps discovered:
D:1:      lightli_arrival_windingriver, layout_basic
D:2:      layout_loops_cross, chequers_ecumenical_altar_twisty,
          minmay_misc_feat_tiny, kennysheep_minor_cross
D:3:      cheibrodos_greedy_goblins, layout_basic,
          amcnicky_mini_corridor_feature, minmay_close_crescents
D:4:      layout_cave_pods

Skill      XL: |  1  2  3  4  5 |
---------------+----------------+-----
Armour         | 3 |  3.4
Dodging        | 2 |  2.9
Fighting       | 4 |  4.2
Polearms       | 4 |  4.2

Action                   |  1- 3 |  4- 6 || total
-------------------------+-------+-------++-------
Melee: Spear             |    45 |   119 ||   164
 Fire: Sling             |    51 |    33 ||    84
Evoke: Piece from Xom's  |     1 |     2 ||     3
  Use: Potion            |     2 |       ||     2
       Scroll            |       |     4 ||     4
 Stab: Petrified         |       |     7 ||     7
       Distracted        |       |     1 ||     1
Armor: Leather armour    |    17 |    25 ||    42
Dodge: Dodged            |    18 |    42 ||    60
Block: Other             |     1 |    25 ||    26
